 Dungeon Crawl Stone Soup version 0.29-a0-330-g52719c12eb (webtiles) character file.

Game seed: 7960368996509991442

46 Ajdolov the Cudgeller (level 3, -1/37 HPs)
             Began as an Ogre Gladiator on Apr 14, 2022.
             Slain by a gnoll
             ... wielding a +0 spear
              (7 damage)
             ... on level 2 of the Dungeon.
             The game lasted 00:01:48 (1170 turns).

Ajdolov the Cudgeller (Ogre Gladiator)              Turns: 1170, Time: 00:01:48

Health: -1/37      AC:  5    Str: 20    XL:     3   Next: 66%
Magic:  3/3        EV: 10    Int:  9    God:
Gold:   31         SH:  0    Dex: 16    Spells: 2/2 levels left

rFire   . . .      SeeInvis .   a - +0 flail
rCold   + . .      Faith    .   (no shield)
rNeg    . . .      Spirit   .   b - +0 robe
rPois   .          Reflect  .   h - +2 hat
rElec   .          Harm     .   (no cloak)
rCorr   .          Rampage  .   (gloves unavailable)
Will    .....                   (boots unavailable)
Stlth   +.........              (no amulet)
HPRegen 0.12/turn               m - ring of protection from cold
MPRegen 0.08/turn               r - +6 ring of dexterity

@: no status effects
A: large, unfitting armour, tough skin 1
a: no special abilities


You were on level 2 of the Dungeon.
You visited 1 branch of the dungeon, and saw 2 of its levels.

You collected 31 gold pieces.

Inventory:

Hand Weapons
 a - a +0 flail (weapon)
Missiles
 e - a large rock (quivered)
Armour
 b - a +0 robe (worn)
 h - a +2 hat (worn)
Jewellery
 m - a ring of protection from cold (left hand)
 r - a +6 ring of dexterity (right hand)
Scrolls
 c - 2 scrolls of amnesia {unknown}
 f - a scroll of identify {unknown}
 g - a scroll of immolation {unknown}
 i - a scroll of fog {unknown}
 j - 2 scrolls of teleportation {unknown}
 l - a scroll of enchant armour {unknown}
 q - a scroll of magic mapping {unknown}
Potions
 k - a potion of brilliance {unknown}
 n - a potion of might {unknown}
 o - a potion of curing {unknown}
 p - 3 potions of lignification {unknown}


   Skills:
 + Level 3.6 Fighting
 * Level 3.7 Maces & Flails
 - Level 2.0 Throwing
 - Level 2.6 Dodging


You had 2 spell levels left.
You didn't know any spells.
Your spell library contained the following spells:

 Spells                   Type           Power      Damage    Failure   Level
 Blade Hands              Tmut           0%         N/A       100%        5
 Irradiate                Conj/Tmut      0%         3d13      100%        5
 Dragon Form              Tmut           0%         N/A       100%        7


Dungeon Overview and Level Annotations

Branches:
Dungeon (2/15)

Altars:


Innate Abilities, Weirdness & Mutations

You are too large for most types of armour.
You have tough skin. (AC +1)


Message History

You are no longer poisoned.
The gnoll hits you but does no damage. The gnoll closely misses you.
The giant cockroach barely misses you.
Unknown command.
Okay, then.
Throw: 3 throwing nets
Press: ? - help, Q - select action, (/) - cycle Shift-Dir - straight line, f - gnoll
Aim: a gnoll, wielding a +0 whip (65% to hit)
You throw a throwing net.
The throwing net closely misses the gnoll.
The gnoll closely misses you. The gnoll hits you with a +0 whip.
* * * LOW HITPOINT WARNING * * *
The giant cockroach barely misses you.
Throw: 2 throwing nets
Press: ? - help, Q - select action, (/) - cycle Shift-Dir - straight line, f/p - gnoll
Aim: a gnoll, wielding a +0 whip (65% to hit)
You throw a throwing net.
The throwing net barely misses the gnoll.
The giant cockroach bites you but does no damage.
The gnoll hits you but does no damage. The gnoll closely misses you.
Throw: throwing net
Press: ? - help, Q - select action, (/) - cycle Shift-Dir - straight line, f/p - gnoll
Aim: a gnoll, wielding a +0 whip (65% to hit)
You throw a throwing net. The throwing net hits the gnoll.
The gnoll is caught in the net!
The giant cockroach closely misses you.
The gnoll struggles against the net.
The gnoll barely misses you.
You hit the gnoll.
The gnoll is moderately wounded.
The giant cockroach bites you.
* * * LOW HITPOINT WARNING * * *
The gnoll closely misses you.
The gnoll struggles against the net.
The giant cockroach closely misses you.
You catch the helpless gnoll completely off-guard!
You hit the gnoll.
The gnoll is severely wounded.
The gnoll closely misses you.
The gnoll struggles against the net.
The giant cockroach closely misses you.
The gnoll hits you from afar with a +0 spear!
You die...

..#### ...... .####. ......
### ...#.. .#.#### ...... .
..###..g. ..... ...... ..
....... ...## .#....
..###...g######[..###......
........gB@g.....>........>
## #....####..#.##....<....
.... #.......................
.....#.....###...............
#..........####............
####....##.................
####.##.................
########....###.............
.........##.................


You could see 3 gnolls and a giant cockroach.

Vanquished Creatures
  2 adders (D:2)
  A ball python (D:2)
  4 endoplasms
  4 goblins (D:1)
  3 hobgoblins (D:1)
  A quokka (D:1)
  6 bats (D:1)
  2 frilled lizards (D:1)
  A kobold (D:1)
  2 rats (D:1)
26 creatures vanquished.

Notes
Turn   | Place    | Note
-------+----------+-------------------------------------------
     0 | D:1      | Ajdolov the Ogre Gladiator began the quest for the Orb.
     0 | D:1      | Reached XP level 1. HP: 22/22 MP: 1/1
   178 | D:1      | Reached XP level 2. HP: 30/31 MP: 2/2
   951 | D:2      | Reached XP level 3. HP: 37/37 MP: 3/3
  1170 | D:2      | Slain by a gnoll

Illustrated notes

Levels and vault maps discovered:
D:1:      dpeg_arrival_short_road, layout_basic
D:2:      layout_rooms, chequers_avenue, kennysheep_generic_room_10

Skill      XL: |  1 |
---------------+----+-----
Fighting       | 3 |  3.6
Maces & Flails | 3 |  3.7
Throwing       | |  2.0
Dodging        | |  2.6

Action                   || total
-------------------------++-------
Melee: Flail             ||    81
       Punch             ||     1
Throw: Throwing net      ||     3
 Stab: Sleeping          ||     1
       Held in net/web   ||     1
Armor: Robe              ||    47
Dodge: Dodged            ||    57

Table legend: (Time is in decaauts)
 A = Elapsed time spent in this place.
 B = Non-inter-level travel time spent in this place.
 C = Inter-level travel time spent in this place.
 D = Time resting spent in this place.
 E = Time spent auto-exploring this place.
 F = Levels seen in this place.
 G = Mean time per level.
                   A        B        C        D        E       F      G
               +--------+--------+--------+--------+--------+-----+--------+
         Total |   1188 |   1170 |     18 |      0 |    912 |   2 |  594.0 |
       Dungeon |   1188 |   1170 |     18 |      0 |    912 |   2 |  594.0 |
               +--------+--------+--------+--------+--------+-----+--------+

Top non-repeatable levels by time:
     D:1: 960 daAuts
     D:2: 227 daAuts
